 Dungeon Crawl Stone Soup version 0.30-a0-140-gd1020e658a (webtiles) character file.

Game seed: 8105801517229008151

380 qw the Chopper (level 6, -1/38 HPs)
             Began as a Gargoyle Fighter on Sept 24, 2022.
             Slain by an ice beast (5 damage)
             ... on level 5 of the Dungeon.
             The game lasted 00:00:49 (2119 turns).

qw the Chopper (Gargoyle Fighter)                   Turns: 2119, Time: 00:00:50

Health: -1/38      AC: 11    Str: 21    XL:     6   Next: 75%
Magic:  6/6        EV: 14    Int:  9    God:
Gold:   60         SH:  4    Dex: 11    Spells: 5/5 levels left

rFire   . . .      SeeInvis .    Y - +0 war axe (freeze)
rCold   + . .      Faith    .    c - +0 buckler
rNeg    + . .      Spirit   .    b - +0 scale mail
rPois   inf        Reflect  .    (no helmet)
rElec   +          Harm     .    (no cloak)
rCorr   .          Rampage  .    (no gloves)
Will    .....                    (no boots)
Stlth   +.........               (no amulet)
HPRegen 0.12/turn                g - +4 ring of evasion
MPRegen 0.10/turn                r - ring of protection from cold

@: about to teleport
A: sickness immunity, AC +4, negative energy resistance 1, electricity
resistance, torment resistance 1, petrification resistance, thin skeletal
structure 1
a: no special abilities


You were on level 5 of the Dungeon.
You visited 1 branch of the dungeon, and saw 5 of its levels.

You collected 169 gold pieces.
You spent 109 gold pieces at shops.


Innate Abilities, Weirdness & Mutations

You are immune to sickness and miasma.
Your stone body is resilient. (AC +4)
You are immune to poison.
You resist negative energy. (rN+)
You are resistant to electric shocks. (rElec)
You are resistant to unholy torment.
You are immune to petrification.
You have a somewhat thin skeletal structure. (Dex +2, Stealth+)


   Skills:
 - Level 4.0 Fighting
 + Level 5.3 Axes
 - Level 3.2 Armour
 - Level 2.3 Dodging
 - Level 3.2 Shields


You had 5 spell levels left.
You didn't know any spells.
Your spell library was empty.

Inventory:

Hand Weapons
 e - a +1 antimagic whip
 Y - a +0 war axe of freezing (weapon)
Armour
 b - a +0 scale mail (worn)
 c - a +0 buckler (worn)
Jewellery
 g - a +4 ring of evasion (left hand)
 r - a ring of protection from cold (right hand)
Scrolls
 o - a scroll of identify
Potions
 d - 4 potions of might
 i - a potion of resistance {unknown}
 j - 2 potions of mutation
 k - a potion of lignification
 m - a potion of haste {unknown}
 n - 3 potions of curing
 p - a potion of flight {unknown}
 q - a potion of brilliance {unknown}
 s - a potion of magic {unknown}

Dungeon Overview and Level Annotations

Branches:
Dungeon (6/15)             Temple (0/1) D:6

Altars:

Shops:
D:2 !   D:3 :!


Message History

You miss something. Something hits you but does no damage.
The scorpion closely misses you.
You hear some strange, mumbled words.
A puff of flame appears from out of thin air!
The puff of flame hits you.
You barely miss the scorpion.
The scorpion is severely wounded.
You closely miss something. You slash the worm! You freeze the worm.
You kill the worm!
The scorpion stings you but does no damage.
You block the scorpion's attack. Something hits you.
You hit the scorpion but do no damage.
The scorpion is severely wounded.
You hit the ice beast. You miss something. You block the scorpion's attack.
Something hits you but does no damage. The ice beast closely misses you.
The scorpion closely misses you.
You barely miss the scorpion.
The scorpion is severely wounded.
You barely miss the ice beast. You hit something. You freeze something.
You hear some strange, mumbled words.
A magic dart appears from out of thin air!
The magic dart hits you. The ice beast barely misses you.
The scorpion closely misses you.
2118 ||| READING scroll of teleportation.
As you read the scroll of teleportation, it crumbles to dust.
You feel strangely unstable.
A jelly comes into view.
You hear some strange, mumbled words.
A puff of flame appears from out of thin air!
The puff of flame hits you but does no damage.
The ice beast completely misses you.
The scorpion stings you but does no damage.
You barely miss the scorpion.
The scorpion is severely wounded.
You closely miss something.
The jelly quivers.
You hit the ice beast. The scorpion barely misses you.
Something hits you but does no damage. The ice beast hits you.
The ice beast freezes you. You resist.
You die...

....... .......
####.....
#......#
##......#
#......!#
#>)...#.#..
##{)........
#@#).......$
#...%sY.........
##..##.....#....
##. ......###..
. o..##...# .
#>....# ...#
..#.... ..>. ..
.. ..


You could see an ice beast and a scorpion.

Vanquished Creatures
  An ice beast (D:5)
  A black bear (D:6)
  A howler monkey (D:5)
  A hound (D:5)
  2 iguanas
  2 adders
  2 worms
  7 orcs
  7 ball pythons
  A bat (D:1)
  4 endoplasms
  A giant cockroach (D:1)
  3 goblins (D:1)
  4 hobgoblins
  3 jackals (D:3)
  2 kobolds
  2 quokkas (D:1)
  A frilled lizard (D:1)
  4 rats
49 creatures vanquished.

Notes
Turn   | Place    | Note
-------+----------+-------------------------------------------
     0 | D:1      | qw the Gargoyle Fighter began the quest for the Orb.
     0 | D:1      | Reached XP level 1. HP: 14/14 MP: 1/1
     0 | D:1      | 0 ||| qw: Version: 0.1.0-9-gbc19398
     0 | D:1      | 0 ||| qw: Game counter: 8
     0 | D:1      | 0 ||| qw: Always use a shield: true
     0 | D:1      | 0 ||| qw: God list: Okawaru
     0 | D:1      | 0 ||| qw: Allow faded altars: false
     0 | D:1      | 0 ||| qw: Do Orc after D:15 true
     0 | D:1      | 0 ||| qw: Do second Lair branch before Depths: true
     0 | D:1      | 0 ||| qw: Lair rune preference: random
     0 | D:1      | 0 ||| qw: Plans: Normal, Zot:1-4, God:TSO, Crypt, Tomb,
                  | Pan, Slime:5, Hells, Abyss, Orb
     0 | D:1      | 0 ||| PLANNING D:1-11
    13 | D:1      | Reached skill level 2 in Axes
    16 | D:1      | 16 ||| Stepping ~*~*~tactically~*~*~ (stealth).
   163 | D:1      | 163 ||| Stepping ~*~*~tactically~*~*~ (stealth).
   167 | D:1      | Reached XP level 2. HP: 19/19 MP: 2/2
   907 | D:1      | 907 ||| UPGRADING to +4 ring of evasion.
   908 | D:1      | 908 ||| READING 2 scrolls labelled MUMYKHL NEIQ.
   913 | D:1      | 913 ||| READING scroll labelled YXER ADAFEA.
   914 | D:1      | 914 ||| READING scroll labelled GUITSOGAJA.
   915 | D:1      | 915 ||| READING scroll labelled DEZXIU ZUTIGAFFEFF.
   916 | D:1      | 916 ||| READING scroll labelled SUOMUM LOEZI.
   949 | D:2      | Reached skill level 3 in Axes
   952 | D:2      | 952 ||| DROPPING +0 club.
  1152 | D:2      | 1152 ||| Stepping ~*~*~tactically~*~*~ (stealth).
  1155 | D:2      | Reached XP level 3. HP: 22/23 MP: 3/3
  1255 | D:2      | Found Nuacan's Distillery.
  1260 | D:2      | 1260 ||| SHOPLISTING 2 potions of attraction (78 gold, have
                  | 61).
  1260 | D:2      | 1260 ||| SHOPLISTING 2 potions of heal wounds (130 gold,
                  | have 61).
  1260 | D:2      | 1260 ||| SHOPLISTING 2 potions of might (104 gold, have
                  | 61).
  1260 | D:2      | 1260 ||| BUYING potion of curing (39 gold).
  1260 | D:2      | Bought a potion of curing for 39 gold pieces
  1260 | D:2      | 1260 ||| SHOPLISTING potion of curing (39 gold, have 22).
  1260 | D:2      | 1260 ||| SHOPLISTING potion of heal wounds (65 gold, have
                  | 22).
  1260 | D:2      | 1260 ||| SHOPLISTING potion of lignification (39 gold, have
                  | 22).
  1260 | D:2      | 1260 ||| SHOPLISTING potion of might (52 gold, have 22).
  1260 | D:2      | 1260 ||| SHOPLISTING potion of mutation (104 gold, have
                  | 22).
  1393 | D:2      | Found a faded altar of an unknown god.
  1759 | D:2      | 1759 ||| DROPPING ring of magical power.
  1760 | D:2      | 1760 ||| READING scroll labelled PALESAURU.
  1761 | D:2      | 1761 ||| READING scroll labelled BUOSTR KOFIDOPT.
  1762 | D:2      | 1762 ||| DRINKING 2 grey potions.
  1763 | D:2      | 1763 ||| DRINKING 2 inky potions.
  1808 | D:2      | 1808 ||| READING 2 scrolls of identify.
  1808 | D:2      | 1808 ||| IDENTIFYING clear potion
  1809 | D:2      | 1809 ||| DROPPING potion of invisibility.
  1855 | D:3      | Found Zoomacvi's Book Emporium.
  1924 | D:3      | Found Inudymp's Distillery.
  1932 | D:3      | 1932 ||| SHOPLISTING 2 potions of resistance (200 gold,
                  | have 99).
  1932 | D:3      | 1932 ||| BUYING potion of curing (30 gold).
  1932 | D:3      | Bought a potion of curing for 30 gold pieces
  1932 | D:3      | 1932 ||| BUYING potion of might (40 gold).
  1932 | D:3      | Bought a potion of might for 40 gold pieces
  1932 | D:3      | 1932 ||| SHOPLISTING potion of mutation (80 gold, have 29).
  1989 | D:3      | You fall into a shaft and drop 3 floors!
  2012 | D:6      | Noticed a black bear
  2013 | D:6      | 2013 ||| Stepping ~*~*~tactically~*~*~ (stealth).
  2018 | D:6      | 2018 ||| Stepping ~*~*~tactically~*~*~ (stealth).
  2019 | D:6      | 2019 ||| Stepping ~*~*~tactically~*~*~ (stealth).
  2026 | D:6      | Killed a black bear
  2027 | D:6      | Reached skill level 4 in Axes
  2027 | D:6      | Reached XP level 4. HP: 12/28 MP: 4/4
  2027 | D:6      | Reached XP level 5. HP: 14/32 MP: 5/5
  2057 | D:6      | HP: 7/32 [iguana (3)]
  2058 | D:6      | 2058 ||| READING 2 scrolls of teleportation.
  2059 | D:6      | 2059 ||| DRINKING potion of heal wounds.
  2062 | D:6      | Reached skill level 5 in Axes
  2067 | D:6      | 2067 ||| DROPPING ring of wizardry.
  2068 | D:6      | 2068 ||| UPGRADING to ring of protection from cold.
  2069 | D:6      | 2069 ||| READING scroll labelled RUKHOZYFRO.
  2070 | D:6      | 2070 ||| READING scroll labelled AFECLI PILI.
  2071 | D:6      | 2071 ||| DRINKING 3 bubbling inky potions.
  2071 | D:6      | Gained mutation: You have a somewhat thin skeletal
                  | structure. (Dex +2, Stealth+) [potion of mutation]
  2078 | D:5      | Entered Level 5 of the Dungeon
  2079 | D:5      | 2079 ||| Stepping ~*~*~tactically~*~*~ (hiding).
  2080 | D:5      | 2080 ||| Stepping ~*~*~tactically~*~*~ (hiding).
  2081 | D:5      | 2081 ||| Stepping ~*~*~tactically~*~*~ (stealth).
  2084 | D:5      | 2084 ||| Stepping ~*~*~tactically~*~*~ (stealth).
  2088 | D:5      | Noticed an ice beast
  2099 | D:5      | Killed an ice beast
  2100 | D:5      | Reached XP level 6. HP: 34/37 MP: 6/6
  2110 | D:5      | 2110 ||| DRINKING 4 potions of curing.
  2110 | D:5      | 2110 ||| (to cure confusion)
  2110 | D:5      | Noticed an ice beast
  2117 | D:5      | HP: 7/38 [something/magic dart (4)]
  2118 | D:5      | 2118 ||| READING scroll of teleportation.
  2119 | D:5      | Slain by an ice beast

Levels and vault maps discovered:
D:1:      dpeg_arrival_long_road, layout_basic
D:2:      layout_loops_ring, ebering_ecumenical_altar_sacrificial, serial_shops,
          nicolae_shop_hallway_plus
D:3:      layout_basic, serial_shops, shop_fountains, nicolae_shop_statue_plus,
          shop, nicolae_lakefront_shop
D:5:      layout_cave_pools, led_sif_book, kennysheep_donut, nicolae_titane
D:6:      layout_loops_cross, makhleb_blood_cavern_becter,
          minmay_temple_entry_antechambers

Skill      XL: |  1  2  3  4  5  6 |
---------------+-------------------+-----
Axes           | 2 3 4 5 |  5.3
Dodging        | 2 |  2.3
Fighting       | 4 |  4.0
Armour         | |  3.2
Shields        | |  3.2

Action                   |  1- 3 |  4- 6 || total
-------------------------+-------+-------++-------
Melee: War axe           |   101 |    44 ||   145
  Use: Scroll            |     8 |     4 ||    12
       Potion            |     2 |     3 ||     5
Armor: Scale mail        |    45 |    24 ||    69
Dodge: Dodged            |    51 |    52 ||   103
Block: Buckler           |    18 |    10 ||    28

Table legend:
 A = Non-vault XP
 B = Vault XP
 C = Vault XP percentage of total XP
 D = Non-vault monster count
 E = Vault monster count
 F = Vault count percentage of total count
                 A         B        C        D         E       F
            +---------+---------+-------+---------+---------+-------
      Total |     544 |       0 |   0.0 |      49 |       0 |   0.0
            +---------+---------+-------+---------+---------+-------
        D:1 |      29 |       0 |   0.0 |      16 |       0 |   0.0
        D:2 |      33 |       0 |   0.0 |      12 |       0 |   0.0
        D:3 |      10 |       0 |   0.0 |       6 |       0 |   0.0
        D:5 |     302 |       0 |   0.0 |      12 |       0 |   0.0
        D:6 |     170 |       0 |   0.0 |       3 |       0 |   0.0
            +---------+---------+-------+---------+---------+-------
